 Dungeon Crawl Stone Soup version 0.27.0-1-g7a089689b8 (webtiles) character file.

Game seed: 6602686748546051626

562 RepoMan the Gusty (level 7, 0/32 HPs)
             Began as a Vine Stalker Air Elementalist on Aug 8, 2021.
             Slain by a wyvern zombie (11 damage)
             ... on level 6 of the Dungeon.
             The game lasted 00:19:38 (4242 turns).

RepoMan the Gusty (Vine Stalker Air Elementalist)   Turns: 4242, Time: 00:19:41

Health: 0/32       AC:  6    Str: 11    XL:     7   Next: 31%
Magic:  0/14       EV: 12    Int: 17    God:
Gold:   160        SH:  0    Dex: 14    Spells: 0/14 levels left

rFire    . . .     SeeInvis .   (no weapon)
rCold    . . .     Faith    .   (no shield)
rNeg     . . .     Spirit   +   a - +0 robe
rPois    .         Reflect  .   c - +2 hat
rElec    .         Harm     .   k - scarf {repulsion}
rCorr    .         Rampage  .   b - +1 pair of gloves
Will     .....                  (no boots)
Stlth    ++........             (no amulet)
HPRegen  1.10/turn              (no ring)
MPRegen  0.14/turn              (no ring)

@: repel missiles
A: fangs 2, regeneration 1, magic shield, antimagic bite, no potion heal 2
a: no special abilities


You were on level 6 of the Dungeon.
You visited 1 branch of the dungeon, and saw 6 of its levels.

You collected 160 gold pieces.

Inventory:

Missiles
 m - a throwing net
Armour
 a - a +0 robe (worn)
 b - a +1 pair of gloves (worn)
 c - a +2 hat (worn)
 k - a scarf of repulsion (worn)
Wands
 f - a wand of polymorph (5)
Scrolls
 d - 3 scrolls of noise {unknown}
 e - 2 scrolls of holy word {unknown}
 h - 2 scrolls of identify {unknown}
 l - a scroll of enchant weapon {unknown}
Potions
 g - a potion of invisibility {unknown}
 i - a potion of heal wounds {unknown}
 j - a potion of curing {unknown}


   Skills:
 - Level 1.5 Dodging
 - Level 2.4 Stealth
 + Level 4.3 Spellcasting
 + Level 3.7 Conjurations
 * Level 6.1 Air Magic


You couldn't memorise any spells.
You knew the following spells:

 Your Spells              Type           Power      Damage    Failure   Level
a - Airstrike             Air            12%        N/A       12%         4
c - Mephitic Cloud        Conj/Pois/Air  14%        N/A       12%         3
d - Static Discharge      Conj/Air       20%        N/A       3%          2
q - Magic Dart            Conj           64%        1d6       3%          1
s - Swiftness             Air            24%        N/A       3%          3
z - Shock                 Conj/Air       80%        1d8       1%          1

Your spell library contained the following spells:

 Spells                   Type           Power      Damage    Failure   Level
 Dazzling Flash           Conj/Hex       18%        N/A       22%         3
 Call Imp                 Summ           3%         N/A       24%         2
 Iskenderun's Mystic Bla  Conj/Tloc      9%         2d4       56%         4
 Starburst                Conj/Fire      4%         8x6d4     100%        6


Dungeon Overview and Level Annotations

Branches:
Dungeon (6/15)
 Temple: D:4-7

Altars:
Hepliaklqana

Shops:
D:1 !   D:2 [   D:5 (

Annotations:
D:2 Sigmund
D:5 Edmund


Innate Abilities, Weirdness & Mutations

You have extremely sharp teeth.
Your natural rate of healing is unusually fast.
When hurt, damage is shared between your health and your magic reserves.
Your bite disrupts and absorbs the magic of your enemies.
Potions cannot restore your health.


Message History

The zap hits the wyvern zombie.
The wyvern zombie is lightly damaged.
The zap hits the wyvern zombie.
The wyvern zombie is lightly damaged.
Casting: Shock (safe; 1% risk of failure)
Confirm with . or Enter, or press ? or * to list all spells.
Aiming: Shock (safe; 1% risk of failure)
Press: ? - help, Shift-Dir - straight line The zap hits the wyvern zombie!
The wyvern zombie is moderately damaged.
The zap hits the wyvern zombie.
The wyvern zombie is moderately damaged.
Casting: Shock (safe; 1% risk of failure)
Confirm with . or Enter, or press ? or * to list all spells.
Aiming: Shock (safe; 1% risk of failure)
Press: ? - help, Shift-Dir - straight line The zap hits the wyvern zombie.
The wyvern zombie is heavily damaged.
The zap hits the wyvern zombie.
The wyvern zombie is severely damaged.
The wyvern zombie bites you! x2
Casting: Shock (safe; 1% risk of failure)
Confirm with . or Enter, or press ? or * to list all spells.
Aiming: Shock (safe; 1% risk of failure)
Press: ? - help, Shift-Dir - straight line The zap hits the wyvern zombie!
The wyvern zombie is severely damaged.
The zap hits the wyvern zombie.
The wyvern zombie is almost destroyed.
The wyvern zombie bites you!
Casting: Shock (safe; 1% risk of failure)
Confirm with . or Enter, or press ? or * to list all spells.
Aiming: Shock (safe; 1% risk of failure)
Press: ? - help, Shift-Dir - straight line The zap hits the wyvern zombie.
The wyvern zombie is almost destroyed.
The zap hits the wyvern zombie.
The wyvern zombie is almost destroyed.
The wyvern zombie bites you!
You die...

########...####.
#....<##........
#.#####.........
#.# #.........
###.#####.........
#.......Z.........
##...###.........)
#..Z# #.#....####
#..@# #.######
#...# #.# #...#
#.# #...# #.#
#..<# #.. #...#
### #####


You could see a wyvern zombie.

Vanquished Creatures
  An ogre (D:5)
  A phantom (D:6)
  A water moccasin skeleton (D:5)
  2 centaur zombies (D:5)
  A hound (D:5)
  An orc priest (D:3)
  4 iguanas
  An orc wizard (D:3)
  4 adders
  2 ufetubi (D:5)
  2 dart slugs
  5 orcs (D:3)
  3 ball pythons (D:3)
  4 endoplasms
  3 giant cockroaches
  A goblin (D:2)
  4 hobgoblins
  2 quokkas
  3 training dummies (D:5)
  3 bats (D:1)
  2 frilled lizards (D:3)
  7 kobolds
  3 rats (D:3)
60 creatures vanquished.

Notes
Turn   | Place    | Note
-------+----------+-------------------------------------------
     0 | D:1      | RepoMan the Vine Stalker Air Elementalist began the quest
                  | for the Orb.
     0 | D:1      | Reached XP level 1. HP: 9/9 MP: 4/4
   205 | D:1      | Found Nyab's Distillery.
   417 | D:1      | Reached XP level 2. HP: 13/13 MP: 3/6
   420 | D:1      | Learned a level 2 spell: Static Discharge
   618 | D:1      | Found a faded altar of an unknown god.
  1032 | D:2      | Noticed Sigmund
  1045 | D:2      | Found Kuimeg Vufu's Antique Armour Shoppe.
  1242 | D:3      | Reached XP level 3. HP: 16/16 MP: 0/7
  1311 | D:3      | Learned a level 3 spell: Swiftness
  1347 | D:3      | Reached skill level 4 in Air Magic
  1347 | D:3      | Gained mutation: Your natural rate of healing is unusually
                  | fast. [Vine Stalker growth]
  1347 | D:3      | Reached XP level 4. HP: 21/21 MP: 1/9
  1552 | D:3      | Learned a level 1 spell: Magic Dart
  1864 | D:3      | Found a hazy altar of Hepliaklqana.
  1959 | D:3      | Reached XP level 5. HP: 24/24 MP: 1/10
  2422 | D:4      | You fall into a shaft and drop 1 floor!
  2422 | D:5      | Entered Level 5 of the Dungeon
  2522 | D:5      | Noticed Edmund
  2955 | D:5      | Reached skill level 5 in Air Magic
  3028 | D:5      | Reached XP level 6. HP: 27/28 MP: 3/12
  3588 | D:5      | Found Joufuist's Firing Range.
  3741 | D:5      | Reached XP level 7. HP: 32/32 MP: 8/14
  4107 | D:5      | Learned a level 3 spell: Mephitic Cloud
  4112 | D:5      | Learned a level 4 spell: Airstrike
  4125 | D:6      | Reached skill level 6 in Air Magic
  4242 | D:6      | Slain by a wyvern zombie

Illustrated notes

Levels and vault maps discovered:
D:1:      tarquinn_simple_flora_water_a, layout_rooms,
          hellmonk_ecumenical_altar_zigzags, serial_shops,
          nicolae_shop_waterfront, hangedman_glass_teeth
D:2:      layout_rooms, serial_shops, shop, uniq_sigmund
D:3:      layout_loops_ring, worldfamousw_hep_ancestral_shrine
D:4:      layout_rooms, overflow_temple_1_default, serial_shops,
          nicolae_diamond_shop, nicolae_inconvenience_store
D:5:      layout_basic, minmay_crystal_room, nicolae_shop_firing_range,
          uniq_edmund
D:6:      layout_basic, mainiacjoe_overflow_catwalk, serial_shops, shop

Skill      XL: |  1  2  3  4  5  6  7 |
---------------+----------------------+-----
Conjurations   | 2 3 |  3.7
Air Magic      | 4 5 6 |  6.1
Spellcasting   | 3 4 |  4.3
Dodging        | |  1.5
Stealth        | |  2.4

Action                   |  1- 3 |  4- 6 |  7- 9 || total
-------------------------+-------+-------+-------++-------
Melee: Unarmed           |       |     3 |       ||     3
 Cast: Shock             |    41 |    72 |    14 ||   127
       Static Discharge  |     2 |       |       ||     2
       Magic Dart        |       |    20 |     4 ||    24
       Swiftness         |       |     1 |       ||     1
Armor: Robe              |     8 |    13 |       ||    21
Dodge: Dodged            |     5 |    30 |     3 ||    38
